 Dungeon Crawl Stone Soup version bcrawl-1.40.3b (webtiles) character file.

Game seed: 3941584289719724903

12835253 Amelense the Shatterer (level 16, -1/191 HPs)
             Began as an Ent Sloth Apostle on Feb 6, 2024.
             Was the Champion of Cheibriados.
             Slain by a reaper
             ... wielding a +2 scythe of venom
              (14 damage)
             ... in the Vestibule of Hell.
             The game lasted 01:46:34 (21490 turns).

Amelense the Shatterer (Ent Sloth Apostle)         Turns: 21490, Time: 01:46:34

Health: -1/191     AC: 22    Str: 48    XL:     16   Next: 24%
Magic:  0/17       EV: 31    Int: 28    God:    Cheibriados [******]
Gold:   1256       SH:  0    Dex: 30    Spells: 16/17 levels left

rFire    + . .     GDR:     44% x - +3 giant spiked club (freeze)
rCold    . . .     SeeInvis .   (shield currently unavailable)
rNeg     + + +     Gourm    .   (armour unavailable)
rPois    +         Faith    .   (helmet restricted)
rElec    .         Spirit   +   V - scarf {clouds}
rCorr    .         Reflect  .   (gloves unavailable)
MR       +....     Clarity  +   (boots unavailable)
Stlth    ++++......             B - amulet of guardian spirit
HPRegen  0.41/turn              H - +3 ring of protection
MPRegen  0.15/turn              E - +7 ring of strength

@: agile, lethally poisoned (-1 -> -1), corroded, very slow
A: large, slow actions, passwall, strong branches, horns 1, repulsion field 1,
fire resistance 1, negative energy resistance 3, poison resistance, slow
metabolism 1, torment resistance, unbreathing, AC +23
}: 1/15 runes: decaying
a: Passwall, Bend Time, Defer, Temporal Distortion, Step From Time, Renounce
Religion, Evoke Fog


You were in the Vestibule of Hell.
You worshipped Cheibriados.
Cheibriados was exalted by your worship.
You were full.

You visited 5 branches of the dungeon, and saw 21 of its levels.

You collected 2312 gold pieces.
You spent 1056 gold pieces at shops.

Inventory:

Hand Weapons
 a - a +1 mace
 g - a +6 giant club
 r - a +1 whip of freezing
 x - a +3 giant spiked club of freezing (weapon)
 I - a +0 dire flail
 J - a +7 eveningstar
 R - a +1 quarterstaff of crushing
Missiles
 F - 552 poisoned tomahawks (quivered)
Armour
 b - a +0 medium shield
 u - a +2 cloak
 V - a scarf of clouds (worn)
Jewellery
 k - the ring "Latteh" {+Fly MR+}
   (You found it on level 3 of the Lair of Beasts)

   [ring of flight]

   It affects your resistance to hostile enchantments.
   It lets you fly.
 q - an uncursed ring of insulation
 t - a +3 ring of intelligence
 B - an amulet of guardian spirit (around neck)
 E - a +7 ring of strength (right hand)
 H - a +3 ring of protection (left hand)
 K - an uncursed amulet of magic regeneration
Wands
 c - a wand of paralysis (21)
 d - a wand of charming (10)
 o - a wand of flame (23)
 C - a wand of acid (9)
 O - a wand of random effects (12)
 S - a wand of iceblast (5)
 U - a wand of polymorph (10)
Scrolls
 i - 2 scrolls of identify
 j - 4 scrolls of amnesia
 l - 6 scrolls of remove curse
 n - 5 scrolls of blinking
 p - 4 scrolls of teleportation
 s - 4 scrolls of revelation
 v - a scroll of immolation
 y - 2 scrolls of noise
 D - 5 scrolls of enchant armour
Potions
 f - 7 potions of flight
 h - a potion of magic
 m - 3 potions of lignification
 w - a potion of cancellation
 z - 3 potions of mutation
 A - 2 potions of brilliance
 M - a potion of agility
 X - a potion of berserk rage
Miscellaneous
 G - a phial of floods (inert)
 L - a phial of floods (inert)
Comestibles
 e - 21 rations {!d}


   Skills:
 * Level 15.7 Fighting
 + Level 23.1(23.4) Maces & Flails
 - Level 5.5(14.5) Staves
 + Level 11.5 Dodging
 - Level 3.6 Stealth
 - Level 1.5 Shields
 + Level 1.2 Spellcasting
 + Level 2.0 Hexes
 + Level 1.3 Invocations
 + Level 1.0 Evocations


You had 16 spell levels left.
You knew the following spells:

 Your Spells              Type           Power        Failure   Level  Hunger
a - Slow                  Hex            ##......     4%          1    None

Your spell library contained the following spells:

 Spells                   Type           Power        Failure   Level  Hunger
 Corona                   Hex            ##.....      4%          1    None
 Shackle                  Hex            ##......     7%          2    ###....
 Apportation              Tloc           #.....       10%         1    None
 Infusion                 Chrm           #.......     10%         1    None
 Sandblast                Erth           #.....       10%         1    None
 Static Discharge         Air            #.....       10%         1    None
 Summon Butterflies       Summ           #.......     10%         1    None
 Summon Small Mammal      Summ           #...         10%         1    None
 Ensorcelled Hibernation  Hex/Ice        #.....       10%         2    ###....
 Confuse                  Hex            ##......     13%         3    #####..
 Tukima's Dance           Hex            ##......     13%         3    #####..
 Call Imp                 Summ           #.....       16%         2    ###....
 Poisonous Vapours        Pois/Air       #.....       16%         2    ###....
 Shock                    Conj/Air       #......      16%         2    ###....
 Swiftness                Chrm/Air       #.......     16%         2    ###....
 Dazzling Orbs            Conj/Hex       #......      21%         3    #####..
 False Image              Hex/Summ       #.......     21%         3    #####..
 Inner Flame              Hex/Fire       N/A          21%         3    #####..
 Call Canine Familiar     Summ           #.......     30%         3    #####..
 Conjure Flame            Conj/Fire      #.......     30%         3    #####..
 Mephitic Cloud           Conj/Pois/Air  #.......     30%         3    #####..
 Cause Fear               Hex            ##........   41%         4    ######.
 Yara's Violent Unravell  Hex/Tmut       #.........   54%         4    ######.
 Lightning Bolt           Conj/Air       #.......     69%         4    ######.
 Summon Ice Beast         Ice/Summ       #.......     69%         4    ######.
 Metabolic Englaciation   Hex/Ice        #.........   88%         5    #######
 Bolt of Magma            Conj/Fire/Erth #.........   95%         5    #######
 Freezing Cloud           Ice/Air        #.......     95%         5    #######
 Steam Barrier            Chrm/Fire      #.........   95%         5    #######
 Summon Lightning Spire   Summ/Air       #.......     95%         5    #######
 Borgnjor's Vile Clutch   Necr/Erth      #.........   100%        6    #######
 Darkness                 Hex            ##........   100%        6    #######
 Infestation              Hex/Tmut/Pois  #........    100%        6    #######
 Iron Shot                Conj/Erth      #.........   100%        6    #######
 Discord                  Hex            ##........   100%        7    #######
 Mana Rupture             Conj/Hex       #.........   100%        7    #######
 Shadow Creatures         Summ           N/A          100%        7    #######
 Ignition                 Hex/Fire       #.........   100%        8    #######
 Time Stop                Chrm/Tloc      N/A          100%        8    #######
 Shatter                  Erth           #.........   100%        9    #######
 Statue Form              Tmut/Erth      Unusable     N/A         6    N/A

Dungeon Overview and Level Annotations

Branches:
Dungeon (10/12)            Temple (0/1) D:7            Lair (6/6) D:8
  Swamp (3/3) Lair:3       Spider (0/3) Lair:4        Slime (0/5) Orc
    Orc (1/1) D:8          Forest (0/3) Lair:6         Hell (1/1)
    Dis: Hell:1         Geh: Hell:1         Coc: Hell:1         Tar: Hell:1

Altars:
Fedhas
Hepliaklqana
Makhleb
Ru
Trog
Vehumet
Xom
Jiyva

Shops:
D:10 }}[*   Orc (([[[

Portals:
Hell: Lair:6

Annotations:
Hell Geryon


Innate Abilities, Weirdness & Mutations

You move and act slowly.
You can pass through walls and trees.
Your branches can wield two-handed weapons with a shield.
Your thick bark is tough. (AC +23)
You are too large for most types of armour.
You are immune to negative energy. (rN+++)
Your system is resistant to poisons. (rPois)
You have a slow metabolism.
You are immune to unholy pain and torment.
You can survive without breathing.
You have a pair of small horns on your head.
You are surrounded by a mild repulsion field. (EV +2)
Your flesh is heat resistant. (rF+)


Message History

The spriggan defender zombie is unaffected.
The storm dragon zombie is unaffected.
The crimson imp is unaffected.
The hell beast is unaffected. x2; Geryon is unaffected.
The red devil is unaffected.
The soul eater is unaffected.
The crimson imp is unaffected.
The rust devil is unaffected. x2
The iron imp is unaffected.
The iron troll looks frightened!
The iron troll shouts!
The reaper is unaffected.
The soul eater is unaffected.
The reaper is unaffected.
The red devil is unaffected.
You feel sick. The hell beast completely misses you.
The hell beast closely misses you.
The storm dragon zombie closely misses you.
The storm dragon zombie misses you.
The storm dragon zombie completely misses you.
The reaper activates a sealing rune.
The rust devil hits you.
* * * LOW HITPOINT WARNING * * *
The rust devil corrodes you!
The reaper shouts, "I have come for you, Amelense!"
The reaper hits you from afar with a +2 scythe of venom!!
You die...

.... #...# ##...##
##..<..## ##.......##
##.........##
##....4.Z....##
##...@32Z2.....##
#...Z4224.......##≈
.......5432Z.......§≈
...<.....Z55.....∩...
...........&.......≈≈
.##...............##≈
##.............##
##.....T.....##
##.........##


You could see Geryon, an iron troll (fleeing), 3 hell beasts, 2 reapers, 2 soul
eaters, 2 rust devils, 2 red devils, an iron imp, 2 crimson imps, a fire dragon
zombie, a storm dragon zombie, a spriggan defender zombie, a spriggan air mage
zombie and a yaktaur captain zombie.

Vanquished Creatures
  2 thorn hunters
  Roxanne (Swamp:3)
  An orc warlord (Orc)
  Aizul (Swamp:3)
  A very ugly thing (Swamp:3)
  A dire elephant (Lair:6)
  A blizzard demon (Hell)
  Urug (D:10)
  28 hydras
  Psyche (D:10)
  A catoblepas (Lair:5)
  2 ghost crabs
  The ghost of yrara the Martial Artist, a journeyman DsFi of Gozag (Lair:2)
  17 alligators
  A satyr (Lair:6)
  3 two-headed ogres
  A dancing weapon (Lair:2)
  2 soul eaters (Hell)
  3 sun demons (Hell)
  A sixfirhy (Lair:6)
  Nergalle (D:9)
  A goliath frog (Swamp:1)
  2 spriggan druids (Swamp:3)
  A death drake (Swamp:3)
  A wizard (Lair:6)
  13 swamp dragons
  3 orc knights (Orc)
  4 orc sorcerers (Orc)
  Pikel (D:4)
  A deep elf mage (D:10)
  2 elephants (Lair:1)
  5 black mambas
  2 smoke demons
  2 torpor snails
  An orange demon (Lair:6)
  3 rime drakes
  A freezing wraith (Hell)
  A demonic crawler (Hell)
  13 cane toads
  7 komodo dragons
  A jumping spider (Lair:4)
  2 ice devils (Lair:6)
  2 red devils (Lair:6)
  A polar bear (Lair:6)
  6 trolls
  10 tyrant leeches
  Grinder (D:6)
  8 bog bodies
  12 blink frogs
  10 slime creatures
  A deep troll zombie (Hell)
  7 hornets
  14 dream sheep
  6 hippogriffs
  Sigmund (D:2)
  8 spriggans
  42 yaks
  2 wyverns
  A fire elemental (Hell)
  A basilisk (Lair:3)
  9 vampire mosquitoes
  6 redbacks (Lair:4)
  4 wargs (Orc)
  12 swamp worms
  19 crocodiles
  7 water moccasins
  3 porcupines
  Duvessa (D:7)
  5 hell hounds (Lair:6)
  2 soldier ants
  5 sky beasts
  29 orc warriors
  A phantom (D:9)
  2 ice beasts
  11 swamp drakes
  3 necrophages
  7 wolves
  7 ogres
  3 boggarts (Swamp:2)
  11 bullfrogs
  A kobold brigand (D:8)
  Blork the orc (D:6)
  A gnoll sergeant (D:5)
  2 centaurs
  Dowan (D:7)
  2 scorpions
  8 wights
  3 electric eels (D:8)
  20 orc priests
  6 crimson imps
  A quasit (D:5)
  A bullfrog skeleton (D:5)
  5 hounds
  4 jellies
  15 orc wizards
  An iron imp (Hell)
  11 iguanas
  9 worker ants
  4 hound skeletons
  A howler monkey zombie (D:8)
  Robin (D:3)
  2 worker ant zombies
  3 gnolls (D:5)
  A howler monkey skeleton (D:3)
  2 river rats (Lair:1)
  15 adders
  A shadow imp (D:9)
  3 oozes
  An adder zombie (D:8)
  An adder skeleton (D:8)
  2 dart slugs (D:1)
  8 leopard geckos
  93 orcs
  7 bats
  5 giant cockroaches
  14 goblins
  11 hobgoblins
  A jackal (D:3)
  18 kobolds
  9 quokkas
  9 frilled lizards
  3 rats
  A spectral kobold (D:7)
  2 briar patches (Swamp:3)
  A bush (Lair:1)
  11 fungi (Orc)
  17 plants
  A withered plant (D:8)
758 creatures vanquished.

Vanquished Creatures (others)
  A swamp dragon (Swamp:3)
  A hornet (Swamp:3)
  3 swamp worms
  A swamp drake (Swamp:1)
  A fire dragon simulacrum (Hell)
  6 orcs
  2 briar patches (Swamp:3)
  3 fungi
  2 plants
  2 withered plants (D:8)
22 creatures vanquished.

Grand Total: 780 creatures vanquished

Notes
Turn   | Place    | Note
-------+----------+-------------------------------------------
     0 | D:1      | Amelense the Ent Sloth Apostle began the quest for the Orb.
     0 | D:1      | Reached XP level 1. HP: 22/22 MP: 2/2
    60 | D:1      | Reached XP level 2. HP: 23/32 MP: 3/3
   136 | D:1      | Reached skill level 3 in Maces & Flails
   433 | D:1      | Reached skill level 1 in Dodging
   442 | D:1      | Reached * piety under Cheibriados
   443 | D:1      | Reached XP level 3. HP: 39/39 MP: 4/4
   673 | D:2      | Reached XP level 4. HP: 32/49 MP: 5/5
   729 | D:2      | Noticed Sigmund
   760 | D:2      | Killed Sigmund
   761 | D:2      | Reached skill level 4 in Maces & Flails
   761 | D:2      | Reached XP level 5. HP: 44/57 MP: 6/6
   849 | D:2      | Reached skill level 5 in Maces & Flails
   879 | D:2      | Reached XP level 6. HP: 58/65 MP: 7/7
  1128 | D:2      | Reached ** piety under Cheibriados
  1655 | D:3      | Noticed Robin
  1678 | D:3      | Killed Robin
  1712 | D:3      | Reached *** piety under Cheibriados
  1730 | D:3      | Found a radiant altar of Vehumet.
  1958 | D:3      | Reached skill level 6 in Maces & Flails
  2387 | D:4      | Noticed Pikel
  2403 | D:4      | Killed Pikel
  2404 | D:4      | Reached skill level 7 in Maces & Flails
  2404 | D:4      | Reached XP level 7. HP: 57/77 MP: 8/8
  2535 | D:4      | Reached **** piety under Cheibriados
  2540 | D:4      | Reached skill level 5 in Dodging
  2675 | D:4      | Reached XP level 8. HP: 85/85 MP: 9/9
  2714 | D:4      | Reached skill level 5 in Fighting
  2754 | D:4      | Reached skill level 8 in Maces & Flails
  2956 | D:5      | Entered Level 5 of the Dungeon
  3181 | D:5      | Reached ***** piety under Cheibriados
  3195 | D:5      | Reached skill level 9 in Maces & Flails
  3294 | D:5      | Found a sacrificial altar of Ru.
  3630 | D:5      | Reached skill level 10 in Maces & Flails
  4115 | D:6      | Noticed Blork the orc
  4118 | D:6      | Killed Blork the orc
  4119 | D:6      | Reached XP level 9. HP: 92/96 MP: 10/10
  4500 | D:6      | Noticed Grinder
  4507 | D:6      | Killed Grinder
  4864 | D:7      | Noticed a troll
  4873 | D:7      | Killed a troll
  4874 | D:7      | Reached skill level 11 in Maces & Flails
  5020 | D:7      | Found a staircase to the Ecumenical Temple.
  5027 | D:7      | Noticed Dowan
  5032 | D:7      | Noticed Duvessa
  5043 | D:7      | Killed Duvessa
  5044 | D:7      | Killed Dowan
  5233 | D:7      | Noticed a troll
  5238 | D:7      | Killed a troll
  5239 | D:7      | Reached skill level 12 in Maces & Flails
  5481 | D:7      | Found a hazy altar of Hepliaklqana.
  6141 | D:8      | Noticed a troll
  6145 | D:8      | Noticed a troll
  6148 | D:7      | Reached XP level 10. HP: 110/110 MP: 11/11
  6195 | D:8      | Found an ancient bone altar of Kikubaaqudgha.
  6203 | D:8      | Reached skill level 13 in Maces & Flails
  6512 | D:8      | Reached ****** piety under Cheibriados
  6518 | D:8      | Reached skill level 14 in Maces & Flails
  6862 | D:8      | Found a staircase to the Lair.
  7091 | D:8      | Found a staircase to the Orcish Mines.
  7248 | Orc      | Entered the Orcish Mines
  7419 | Orc      | Found a runed door.
  7423 | Orc      | Found a viscous altar of Jiyva.
  7423 | Orc      | Found a staircase to the Slime Pits.
  7465 | Orc      | Found Sumnifomn's Antique Armour Boutique.
  7477 | Orc      | Bought a runed cloak for 180 gold pieces
  7497 | Orc      | Found a roughly hewn altar of Beogh.
  7498 | Orc      | Found Ydun's Antique Armour Shop.
  7509 | Orc      | Reached skill level 15 in Maces & Flails
  7544 | Orc      | Reached XP level 11. HP: 66/121 MP: 10/12
  7681 | Lair:1   | Entered Level 1 of the Lair of Beasts
  7973 | Lair:1   | Reached skill level 16 in Maces & Flails
  8706 | D:9      | Noticed Nergalle
  8710 | D:9      | Killed Nergalle
  8730 | D:9      | Noticed a two-headed ogre
  8741 | D:9      | Killed a two-headed ogre
  9058 | D:9      | Reached skill level 17 in Maces & Flails
  9257 | D:9      | Reached skill level 10 in Fighting
  9270 | D:9      | Noticed a two-headed ogre
  9275 | D:9      | Killed a two-headed ogre
  9276 | D:9      | Reached XP level 12. HP: 97/135 MP: 10/13
  9547 | D:10     | Entered Level 10 of the Dungeon
  9585 | D:10     | Found Ejegi's Gadget Shoppe.
  9585 | D:10     | Noticed Psyche
  9590 | D:10     | Killed Psyche
  9697 | D:10     | Found Hoozid's Armour Emporium.
  9709 | D:10     | Noticed Urug
  9716 | D:10     | Killed Urug
  9799 | D:10     | Reached skill level 18 in Maces & Flails
 10218 | D:10     | Found Kiqit's Gadget Boutique.
 10221 | D:10     | Bought a phial of floods for 560 gold pieces
 10464 | D:10     | Found Amuamm's Assorted Antiques.
 10475 | D:10     | Bought a dented citrine amulet for 170 gold pieces
 10475 | D:10     | Bought a scroll labeled XERES WEYMNEAV for 34 gold pieces
 10781 | Orc      | Noticed a two-headed ogre
 10787 | Orc      | Killed a two-headed ogre
 10916 | Orc      | Found a bloodstained altar of Trog.
 10958 | Orc      | Noticed an orc warlord
 11251 | Orc      | Paralysed by an orc sorcerer for 2 turns
 11261 | Orc      | Reached skill level 19 in Maces & Flails
 11262 | Orc      | Killed an orc warlord
 11271 | Orc      | Reached skill level 1 in Invocations
 11419 | Orc      | Found a roughly hewn altar of Beogh.
 11460 | Orc      | Gained mutation: Your flesh is heat resistant. (rF+)
                  | [potion of mutation]
 11460 | Orc      | Gained mutation: You have a pair of small horns on your
                  | head. [potion of mutation]
 11460 | Orc      | Gained mutation: You are surrounded by a mild repulsion
                  | field. (EV +2) [potion of mutation]
 11535 | Orc      | Found a roughly hewn altar of Beogh.
 11547 | Orc      | Found Miupet's Antique Weapon Boutique.
 11630 | Orc      | Reached XP level 13. HP: 148/148 MP: 14/14
 11890 | Orc      | Found Zacsont's Antique Weapon Boutique.
 11909 | Orc      | Found a roughly hewn altar of Beogh.
 11912 | Orc      | Found Ciwnic's Antique Armour Shop.
 11922 | Orc      | Bought a glowing giant club for 112 gold pieces
 12701 | Lair:2   | Found a runed translucent door.
 12705 | Lair:2   | Found a shimmering altar of Xom.
 12705 | Lair:2   | Noticed yrara's ghost (journeyman DsFi)
 13113 | Lair:2   | Killed yrara's ghost
 13114 | Lair:2   | Paralysed by a +1 halberd of chaos for 2 turns
 13228 | Lair:3   | Found a staircase to the Swamp.
 13416 | Lair:3   | Reached skill level 20 in Maces & Flails
 13584 | Lair:3   | Got a bound golden ring
 13587 | Lair:3   | Identified the ring "Latteh" {+Fly MR+} (You found it on
                  | level 3 of the Lair of Beasts)
 14534 | Lair:4   | Found a hole to the Spider Nest.
 14795 | Swamp:1  | Entered Level 1 of the Swamp
 14795 | Swamp:1  | Noticed a thorn hunter
 14801 | Swamp:1  | Killed a thorn hunter
 14877 | Swamp:1  | Reached XP level 14. HP: 161/162 MP: 13/15
 14916 | Swamp:1  | Reached skill level 21 in Maces & Flails
 16768 | Swamp:2  | Reached skill level 22 in Maces & Flails
 17222 | Swamp:3  | Entered Level 3 of the Swamp
 17241 | Swamp:3  | Noticed Aizul
 17264 | Swamp:3  | Killed Aizul
 17269 | Swamp:3  | Noticed a green very ugly thing
 17278 | Swamp:3  | Killed a green very ugly thing
 17279 | Swamp:3  | Reached skill level 1 in Staves
 17287 | Swamp:3  | Reached XP level 15. HP: 37/176 MP: 5/16
 17412 | Swamp:3  | Reached skill level 10 in Dodging
 17445 | Swamp:3  | Noticed a thorn hunter
 17601 | Swamp:3  | Killed a thorn hunter
 18022 | Swamp:3  | Noticed Roxanne
 18031 | Swamp:3  | Killed Roxanne
 18241 | Swamp:3  | Reached skill level 5 in Staves
 18257 | Swamp:3  | Got a decaying rune of Zot
 19089 | Swamp:2  | You fall into a shaft and drop 1 floor!
 19396 | Lair:5   | Reached skill level 15 in Fighting
 20202 | Lair:6   | Entered Level 6 of the Lair of Beasts
 20238 | Lair:6   | Found a blossoming altar of Fedhas.
 20724 | Lair:6   | Found a staircase to the Spriggan Forest.
 20732 | Lair:6   | Reached XP level 16. HP: 122/190 MP: 10/17
 20903 | Lair:6   | Reached skill level 23 in Maces & Flails
 21082 | Lair:6   | Found a large runed door.
 21083 | Lair:6   | Found a large runed door.
 21446 | Lair:6   | Found a burning altar of Makhleb.
 21455 | Lair:6   | Found a gateway to Hell.
 21462 | Lair:6   | Identified the cursed +0 buckler of Stained the Good {rF+
                  | rC+ Str-3 Int+5}
 21466 | Hell     | Entered the Vestibule of Hell
 21466 | Hell     | Noticed Geryon
 21481 | Hell     | Reached skill level 1 in Evocations
 21490 | Hell     | Slain by a reaper

Skill      XL: |  1  2  3  4  5  6  7  8  9 10 11 12 13 14 15 16 |
---------------+-------------------------------------------------+-----
Maces & Flails | 3 4 5 7 10 12 15 17 19 20 22 23 | 23.1
Dodging        | 1 3 4 5 6 7 9 11 | 11.5
Fighting       | 3 4 5 7 8 10 11 12 14 15 | 15.7
Invocations    | 1 |  1.3
Staves         | 1 5 |  5.5
Evocations     | 1 |  1.0
Stealth        | |  3.6
Shields        | |  1.5
Spellcasting   | |  1.2
Hexes          | |  2.0

Action                   |  1- 3 |  4- 6 |  7- 9 | 10-12 | 13-15 | 16-18 || total
-------------------------+-------+-------+-------+-------+-------+-------++-------
Melee: Mace              |    84 |   245 |     6 |       |       |       ||   335
       Whip              |       |       |    36 |       |       |       ||    36
       Giant spiked club |       |       |   166 |   393 |   439 |    42 ||  1040
       Headbutt          |       |       |       |     5 |   163 |    12 ||   180
       Quarterstaff      |       |       |       |       |   138 |       ||   138
Throw: Tomahawk          |       |       |       |     8 |       |       ||     8
Invok: Bend Time         |       |     1 |       |     2 |     1 |       ||     4
 Abil: Evoke Flight      |       |       |       |       |     1 |       ||     1
       Evoke Fog         |       |       |       |       |     1 |       ||     1
Evoke: Wand              |       |     1 |       |     2 |       |       ||     3
       Phial of floods   |       |       |       |       |     1 |     1 ||     2
  Use: Scroll            |       |       |    10 |    16 |     4 |     1 ||    31
       Potion            |       |       |     3 |     4 |     6 |     2 ||    15
 Stab: Sleeping          |     4 |     4 |     8 |     5 |    11 |     1 ||    33
       Distracted        |       |       |     1 |       |     1 |       ||     2
       Paralysed         |       |       |     1 |       |       |       ||     1
       Confused          |       |       |       |       |     3 |       ||     3
  Eat: Chunk             |     1 |    12 |     4 |     7 |    21 |       ||    45
       Ration            |       |     2 |     4 |     3 |     6 |       ||    15
Armor: Skin              |    99 |   224 |   180 |   336 |   607 |    99 ||  1545
Dodge: Dodged            |    43 |   150 |   299 |   677 |  1405 |   325 ||  2899
Block: Medium shield     |    83 |   215 |    26 |       |       |       ||   324
